 Dungeon Crawl Stone Soup version 0.31-a0-851-g7ff8af7976 (webtiles) character file.

Game seed: 5705543093962327152

1945 Dirtsage the Cleaver (level 8, -2/63 HPs)
             Began as a Demonspawn Berserker on Oct 6, 2023.
             Was a Priest of Trog.
             Slain by a water moccasin (3 damage)
             ... on level 6 of the Dungeon.
             The game lasted 00:07:54 (6336 turns).

Dirtsage the Cleaver (Demonspawn Berserker)         Turns: 6336, Time: 00:07:55

Health: -2/63      AC:  8    Str: 19    XL:     8   Next: 98%
Magic:  8/8        EV: 11    Int: 10    God:    Trog [***...]
Gold:   218        SH:  0    Dex: 12    Spells: 7/7 levels left

rFire   + . .        r - +1 hand axe (venom)
rCold   . . .        (no shield)
rNeg    . . .        o - +0 ring mail
rPois   .            t - +0 helmet
rElec   .            (no cloak)
rCorr   .            (gloves unavailable)
SInv    .            (no boots)
Will    .....        (no amulet)
Stlth   +            F - ring of protection from fire
HPRegen 0.30/turn    (no ring)
MPRegen 0.11/turn

%: no passive effects
@: lethally poisoned (-2 -> -20)
A: rugged brown scales 1, demonic guardian 1, demonic touch 3
a: Renounce Religion, Berserk, Trog's Hand


You were on level 6 of the Dungeon.
You worshipped Trog.
Trog was most pleased with you.
You visited 2 branches of the dungeon, and saw 7 of its levels.

You collected 218 gold pieces.

Inventory:

Hand Weapons
 r - a +1 hand axe of venom (weapon)
Missiles
 e - a throwing net
 p - 5 curare-tipped darts
Armour
 o - a +0 ring mail (worn)
 t - a +0 helmet (worn)
Jewellery
 l - a ring of fire
 F - a ring of protection from fire (left hand)
Wands
 b - a wand of mindburst (17)
 n - a wand of paralysis (8)
Scrolls
 a - a scroll of torment {unknown}
 c - 3 scrolls of poison {unknown}
 d - a scroll of brand weapon {unknown}
 f - 2 scrolls of enchant weapon {unknown}
 i - 3 scrolls of teleportation {unknown}
 j - 4 scrolls of identify {unknown}
 k - 3 scrolls of vulnerability {unknown}
 m - a scroll of enchant armour {unknown}
Potions
 g - a potion of magic {unknown}
 h - a potion of haste
 q - a potion of invisibility {unknown}
 s - a potion of lignification


   Skills:
 + Level 5.2 Fighting
 * Level 9.5 Axes
 + Level 4.3 Armour
 - Level 1.7 Dodging


You had 7 spell levels left.
You didn't know any spells.
Your spell library contained the following spells:

 Spells                   Type           Power      Damage    Failure   Level
 Apportation              Tloc           0%         N/A       54%         1
 Necrotise                Necr           0%         1d4       54%         1
 Summon Small Mammal      Summ           0%         N/A       54%         1
 Sublimation of Blood     Necr           0%         N/A       67%         2
 Petrify                  Tmut/Erth      0%         N/A       99%         4
 Irradiate                Conj/Tmut      0%         3d11      100%        5


Dungeon Overview and Level Annotations

Branches:
Dungeon (6/15)             Temple (1/1) D:5

Altars:
Ashenzari
Cheibriados
Dithmenos
Fedhas
Gozag
Hepliaklqana
Kikubaaqudgha
Makhleb
Nemelex Xobeh
Okawaru
Qazlal
Ru
Sif Muna
Trog
Uskayaw
Vehumet
Wu Jian
Xom
Yredelemnul

Annotations:
D:5 1 runed translucent door


Innate Abilities, Weirdness & Mutations

You are partially covered in rugged brown scales. (AC +1, +3% HP)
A weak demonic guardian rushes to your aid.
Your touch may irresistibly damage your foes and sap their willpower.


Message History

You feel sick.
The water moccasin bites you but does no damage.
You take 2 damage, and have 34/63 hp.
You hit the water moccasin.
The water moccasin is heavily wounded.
You feel sick. The water moccasin barely misses you.
You take 2 damage, and have 32/63 hp.
You barely miss the water moccasin. Your touch misses the water moccasin.
The water moccasin is heavily wounded.
You feel sick.
The water moccasin completely misses you.
You take 1 damage, and have 31/63 hp.
You barely miss the water moccasin.
The water moccasin is heavily wounded.
You feel sick. The water moccasin bites you.
You are more poisoned.
The water moccasin poisons you! The water moccasin bites you.
You are lethally poisoned!
The water moccasin poisons you!
You take 9 damage, and have 22/63 hp.
You slash the water moccasin! Your touch misses the water moccasin.
The water moccasin is severely wounded.
* * * LOW HITPOINT WARNING * * *
You feel very sick. The water moccasin barely misses you.
You take 6 damage, and have 16/63 hp.
You closely miss the water moccasin.
The water moccasin is severely wounded.
* * * LOW HITPOINT WARNING * * *
You feel very sick. The water moccasin bites you!
* * * LOW HITPOINT WARNING * * *
A demonic guardian appears!
You take 12 damage, and have 4/63 hp.
You hit the water moccasin but do no damage.
The water moccasin is severely wounded.
* * * LOW HITPOINT WARNING * * *
You feel very sick. The water moccasin bites you.
You die...

#.##.# ####.##[#
.....##.# ##......#
#.###### #.# #.# ##.##
##########.# #.#.##
#.5.@S.....#
.###.########.##########
## ##.........#
.###.########## ..#.##
##.## ###


You could see a water moccasin (ally target) and a friendly quasit (summoned).

Vanquished Creatures
  The ghost of orangepiccolo the Chopper, a novice MiBe of Trog (D:5)
  A water moccasin (D:4)
  An orc warrior (D:6)
  An ice beast (D:6)
  2 black bears
  2 ogres
  2 phantoms (D:5)
  A bullfrog (D:5)
  2 scorpions (D:4)
  A jelly (D:6)
  3 hounds
  2 sleepcaps
  An orc priest (D:5)
  Jessica (D:2)
  3 iguanas (D:6)
  2 orc wizards
  A gnoll (D:6)
  4 adders
  2 ufetubi
  2 worms
  4 dart slugs
  11 orcs
  4 bats
  8 endoplasms
  2 giant cockroaches
  2 goblins (D:3)
  9 hobgoblins
  2 jackals (D:5)
  9 kobolds
  4 quokkas
  4 ball pythons
  5 frilled lizards
  7 rats
106 creatures vanquished.

Vanquished Creatures (collateral kills)
  A phantom (D:2)
  An orc wizard (D:4)
  An adder (D:2)
  2 gnolls (D:6)
  A worm (D:5)
  4 orcs
  A ball python (D:5)
11 creatures vanquished.

Grand Total: 117 creatures vanquished

Notes
Turn   | Place    | Note
-------+----------+-------------------------------------------
     0 | D:1      | Dirtsage the Demonspawn Berserker began the quest for the
                  | Orb.
     0 | D:1      | Reached XP level 1. HP: 18/18 MP: 1/1
    41 | D:1      | Reached skill level 3 in Axes
   172 | D:1      | Gained mutation: Your touch may inflict minor irresistible
                  | damage on your foes. [demonic ancestry]
   172 | D:1      | Reached XP level 2. HP: 24/24 MP: 2/2
   919 | D:2      | Reached XP level 3. HP: 24/29 MP: 3/3
   925 | D:2      | Reached ** piety under Trog
  1004 | D:2      | Reached skill level 4 in Axes
  1147 | D:2      | Noticed Jessica
  1153 | D:2      | Killed Jessica
  1503 | D:2      | Noticed a phantom
  1516 | D:2      | Gained mutation: A weak demonic guardian rushes to your
                  | aid. [demonic ancestry]
  1516 | D:2      | Reached XP level 4. HP: 31/35 MP: 4/4
  1522 | D:2      | HP: 1/35 [phantom (6)]
  1526 | D:2      | Killed a phantom
  1527 | D:2      | Reached skill level 5 in Axes
  1527 | D:2      | Gained mutation: Your touch may inflict irresistible damage
                  | on your foes. [demonic ancestry]
  1527 | D:2      | Reached XP level 5. HP: 3/41 MP: 5/5
  2381 | D:3      | Found a faded altar of an unknown god.
  3156 | D:4      | Reached skill level 6 in Axes
  3337 | D:4      | Gained mutation: Your touch may irresistibly damage your
                  | foes and sap their willpower. [demonic ancestry]
  3337 | D:4      | Reached XP level 6. HP: 14/47 MP: 6/6
  3501 | D:4      | Noticed a water moccasin
  3510 | D:4      | Killed a water moccasin
  3515 | D:4      | HP: 2/47 [poisoned by a water moccasin]
  3675 | D:4      | Reached *** piety under Trog
  3676 | D:4      | Reached skill level 7 in Axes
  3811 | D:4      | Reached XP level 7. HP: 33/52 MP: 7/7
  4447 | D:4      | Found a shimmering altar of Xom.
  4466 | D:4      | Found an ancient bone altar of Kikubaaqudgha.
  4645 | D:5      | Entered Level 5 of the Dungeon
  4687 | D:5      | Reached skill level 8 in Axes
  4858 | D:5      | Found a runed translucent door.
  4861 | D:5      | Noticed orangepiccolo's ghost (novice MiBe)
  4869 | D:5      | Gained mutation: You are partially covered in rugged brown
                  | scales. (AC +1, +3% HP) [demonic ancestry]
  4869 | D:5      | Reached XP level 8. HP: 61/61 MP: 8/8
  4884 | D:5      | Killed orangepiccolo's ghost
  5017 | D:5      | Found a runed translucent door.
  5341 | D:5      | Found a staircase to the Ecumenical Temple.
  5404 | Temple   | Entered the Ecumenical Temple
  5655 | D:6      | Reached skill level 9 in Axes
  5671 | D:6      | HP: 4/93 [poisoned by an orc]
  6034 | D:6      | Reached skill level 5 in Fighting
  6336 | D:6      | HP: 1/63 [poisoned by a water moccasin]
  6336 | D:6      | Slain by a water moccasin

Illustrated notes

Levels and vault maps discovered:
D:1:      nzn_arrival_water_spiral, layout_basic, minmay_tromino_v4_b
D:2:      layout_loops_corners, hangedman_decor_push, columned_hall_lemuel,
          st_stairs_10, uniq_jessica
D:3:      layout_basic, chequers_ecumenical_altar_grove, minmay_unequal
D:4:      layout_basic, mainiacjoe_overflow_swirl, st_stairs_9
D:5:      layout_basic, minmay_temple_entry_enclosed_plants,
          ebering_ghost_sewer_f, kennysheep_path_1
D:6:      layout_loops_ring
Temple:   mainiacjoe_temple_cubbyholes

Skill      XL: |  1  2  3  4  5  6  7  8 |
---------------+-------------------------+-----
Axes           | 3 4 5 6 7 8 9 |  9.5
Armour         | 2 4 |  4.3
Fighting       | 5 |  5.2
Dodging        | |  1.7

Action                     |  1- 3 |  4- 6 |  7- 9 || total
---------------------------+-------+-------+-------++-------
  Melee: Hand axe          |    88 |   136 |   148 ||   372
         Touch             |     6 |    20 |    31 ||    57
         Punch             |       |     1 |     2 ||     3
 Invoke: Berserk           |     3 |       |     3 ||     6
    Use: Potion            |       |     2 |     3 ||     5
   Stab: Sleeping          |       |     1 |       ||     1
 Armour: Animal skin       |    50 |    27 |       ||    77
         Ring mail         |       |    43 |    93 ||   136
         Skin              |       |       |     2 ||     2
  Dodge: Dodged            |    60 |    65 |    61 ||   186

Table legend: (Time is in decaauts)
 A = Elapsed time spent in this place.
 B = Non-inter-level travel time spent in this place.
 C = Inter-level travel time spent in this place.
 D = Time resting spent in this place.
 E = Time spent auto-exploring this place.
 F = Levels seen in this place.
 G = Mean time per level.
                   A        B        C        D        E       F      G
               +--------+--------+--------+--------+--------+-----+--------+
         Total |   6373 |   6216 |    157 |    802 |   4617 |   7 |  910.4 |
       Dungeon |   6371 |   6214 |    157 |    802 |   4617 |   6 | 1061.8 |
        Temple |      1 |      1 |      0 |      0 |      0 |   1 |    1.0 |
               +--------+--------+--------+--------+--------+-----+--------+

Top non-repeatable levels by time:
     D:2: 1421 daAuts
     D:4: 1400 daAuts
     D:3: 1073 daAuts
     D:5: 1020 daAuts
     D:1: 792 daAuts
     D:6: 663 daAuts
  Temple: 1 daAuts
